 Dungeon Crawl Stone Soup version 0.27-a0-972-gd1521fd518 (webtiles) character file.

Game seed: 9201721761204239765

222 robertstho the Magician (level 5, -2/37 HPs)
             Began as a Djinni Fire Elementalist on Apr 13, 2021.
             Slain by a killer bee (10 damage)
             ... on level 3 of the Dungeon.
             The game lasted 00:02:57 (2587 turns).

robertstho the Magician (Djinni Fire Elementalist)  Turns: 2587, Time: 00:02:57

Health: -2/37      AC:  2    Str:  7    XL:     5   Next: 99%
Gold:   95         EV: 12    Int: 18    God:
                   SH:  0    Dex: 13

rFire    + + .     SeeInvis .   g - +4 short sword
rCold    x . .     Faith    .   (no shield)
rNeg     . . .     Spirit   .   a - +0 robe
rPois    ∞         Reflect  .   (no helmet)
rElec    .         Harm     .   (no cloak)
rCorr    .         Rampage  .   (no gloves)
Will     .....                  (boots unavailable)
Stlth    ++........             (no amulet)
HPRegen  0.12/turn              (no ring)
MPRegen  0.00/turn              (no ring)

@: flying
A: fire resistance 2, cold vulnerability 1, float, innate caster, hp casting,
extra vitality 1
a: no special abilities


You were on level 3 of the Dungeon.
You visited 1 branch of the dungeon, and saw 3 of its levels.

You collected 95 gold pieces.

Inventory:

Hand Weapons
 b - a +0 dagger
 c - the +9 executioner's axe of Offence {freeze, rN+ Will+ Int-2}
   (You acquired it on level 3 of the Dungeon)

   It has been specially enchanted to freeze those struck by it, causing extra
   injury to most foes and up to half again as much damage against particularly
   susceptible opponents.
   It can also slow down cold-blooded creatures.
   It affects your intelligence (-2).
   It protects you from negative energy.
   It increases your willpower.
 g - a +4 short sword (weapon)
Armour
 a - a +0 robe (worn)
Potions
 e - a potion of curing
 f - a potion of haste {unknown}
 h - a potion of heal wounds {unknown}


   Skills:
 * Level 1.5 Fighting
 + Level 0.1 Short Blades
 + Level 2.4 Dodging
 + Level 2.1 Stealth
 * Level 5.0 Spellcasting


You couldn't memorise any spells.
You knew the following spells:

 Your Spells              Type           Power      Damage    Failure   Level
a - Foxfire               Conj/Fire      88%        2x1d8     1%          1
b - Conjure Flame         Conj/Fire      22%        6-21      4%          3
c - Inner Flame           Hex/Fire       22%        N/A       4%          3
d - Sticky Flame          Conj/Fire      22%        2d4       17%         4
e - Fireball              Conj/Fire      11%        3d7       43%         5
f - Magic Dart            Conj           88%        1d7       1%          1
g - Poisonous Vapours     Pois/Air       44%        N/A       2%          2
Your spell library was empty.

Dungeon Overview and Level Annotations

Branches:
Dungeon (3/15)

Altars:
Xom


Innate Abilities, Weirdness & Mutations

You are immune to poison.
Your flesh is very heat resistant. (rF++)
You are vulnerable to cold. (rC-)
You float through the air rather than walking.
You learn spells naturally, not from books.
Your magical power is your life essence.
You have superior vitality. (+4 HP)


Message History

The foxfire hits the killer bee.
The killer bee is heavily wounded.
The foxfire hits the killer bee.
The killer bee is severely wounded.
The foxfire hits the killer bee.
The killer bee is almost dead.
Casting: Foxfire (safe; 1% risk of failure)
Press: ? - help, Q - select action, (/) - cycle Dir - look around, f - activate You conjure some foxfire!
The killer bee stings you.
The foxfire hits the killer bee.
The killer bee is almost dead.
A killer bee comes into view.
Casting: Foxfire (safe; 1% risk of failure)
Press: ? - help, Q - select action, (/) - cycle Dir - look around, f - activate You conjure some foxfire!
The foxfire hits the killer bee!
You kill the killer bee!
The killer bee stings you.
Your Spellcasting skill increases to level 5!
Unknown command.
As you read the scroll labelled ERUCIU YTUOM, it crumbles to dust.
It is a scroll of amnesia.
You feel forgetful for a moment.
The foxfire hits the killer bee.
The killer bee is moderately wounded.
The foxfire hits the killer bee.
The killer bee is heavily wounded.
The killer bee barely misses you. The killer bee closely misses you.
The killer bee stings you. The killer bee closely misses you.
This is a scroll of acquirement!
Something appears before you! The killer bee barely misses you.
The killer bee closely misses you. The killer bee stings you.
The killer bee completely misses you.
c - the +9 executioner's axe of Offence {freeze, rN+ Will+ Int-2} The killer bee closely misses you.
The killer bee stings you!
* * * LOW HITPOINT WARNING * * *
The killer bee barely misses you.
As you read the scroll labelled USMOFF TUCO, it crumbles to dust.
The scroll dissolves into smoke.
It was a scroll of fog.
The killer bee stings you!
You die...

...... ###.##.. . ....#
. ..##... #. y.... .#
#.##.... #. ... .#
.##..##. .. †.. ..
##......
####.##.##.######...#...
.....†§...............).
##y## #####...#...
#y@y## ....##..#...
#.§#§.##.....##.....
#..###§.##.....##....
#..# #...##.....##...
#... #....######.##.#
...# ##.............#
##. ##.###..####### #
#.#<.#.# # #....#.# #


You could see 3 killer bees.

Vanquished Creatures
  3 killer bees (D:3)
  An iguana (D:2)
  3 adders (D:2)
  4 bats
  4 endoplasms
  3 giant cockroaches (D:1)
  3 goblins (D:1)
  3 hobgoblins
  3 jackals (D:2)
  4 kobolds
  3 ball pythons
  2 frilled lizards
  4 rats
40 creatures vanquished.

Vanquished Creatures (others)
  143 foxfires
143 creatures vanquished.

Grand Total: 183 creatures vanquished

Notes
Turn   | Place    | Note
-------+----------+-------------------------------------------
     0 | D:1      | robertstho the Djinni Fire Elementalist began the quest for
                  | the Orb.
     0 | D:1      | Reached XP level 1. HP: 15/15 MP: 0/0
   348 | D:1      | Reached XP level 2. HP: 16/22 MP: 0/0
   435 | D:1      | Reached skill level 3 in Spellcasting
  1073 | D:2      | Found a shimmering altar of Xom.
  1436 | D:2      | Reached XP level 3. HP: 12/26 MP: 0/0
  1436 | D:2      | Learned a level 1 spell: Magic Dart
  1762 | D:2      | Reached skill level 1 in Fighting
  1762 | D:2      | Reached XP level 4. HP: 27/32 MP: 0/0
  1863 | D:2      | Reached skill level 4 in Spellcasting
  2551 | D:3      | Reached XP level 5. HP: 34/37 MP: 0/0
  2551 | D:3      | Learned a level 2 spell: Poisonous Vapours
  2584 | D:3      | Reached skill level 5 in Spellcasting
  2585 | D:3      | Identified a scroll of acquirement
  2585 | D:3      | Acquired the +9 executioner's axe of Offence {freeze, rN+
                  | Will+ Int-2}
  2587 | D:3      | Slain by a killer bee

Illustrated notes

Levels and vault maps discovered:
D:1:      dpeg_arrival_prison, layout_rooms
D:2:      layout_loops_corners, basic_altar
D:3:      layout_basic, shapermc_ecumenical_altar_gd, minmay_parallelograms,
          grunt_ministairs_11, minmay_door_square

Skill      XL: |  1  2  3  4  5 |
---------------+----------------+-----
Spellcasting   | 3 4 5 |  5.0
Fighting       | 1 |  1.5
Stealth        | 2 |  2.1
Short Blades   | |  0.1
Dodging        | |  2.4

Action                   |  1- 3 |  4- 6 || total
-------------------------+-------+-------++-------
Melee: Short sword       |     1 |       ||     1
 Cast: Foxfire           |    53 |    36 ||    89
  Use: Scroll            |       |     4 ||     4
Armor: Robe              |     1 |       ||     1
Dodge: Dodged            |     9 |    12 ||    21

Table legend: (Time is in decaauts)
 A = Elapsed time spent in this place.
 B = Non-inter-level travel time spent in this place.
 C = Inter-level travel time spent in this place.
 D = Time resting spent in this place.
 E = Time spent auto-exploring this place.
 F = Levels seen in this place.
 G = Mean time per level.
                   A        B        C        D        E       F      G
               +--------+--------+--------+--------+--------+-----+--------+
         Total |   2585 |   2489 |     96 |      0 |   2284 |   3 |  861.7 |
       Dungeon |   2585 |   2489 |     96 |      0 |   2284 |   3 |  861.7 |
               +--------+--------+--------+--------+--------+-----+--------+

Top non-repeatable levels by time:
     D:2: 1421 daAuts
     D:1: 978 daAuts
     D:3: 185 daAuts
